General information
- name: BNet
- type: Ladder team game (AT/RT)
- host: Battle.net
- saver: LEMONPARTY-D
map: GolemsInTheMist
- players: 8
- length: 90:38
- speed: Fast
- version: 1.26 W3XP
- replay type: Public
» download(342 KB)
Players
team 1 (loser)

»
vjicken (
red | 67 APM | 3358 actions | 50:15)
10 Demon Hunter
3 Mana Burn
3 Evasion
1 Metamorphosis
3 Immolation
4 Shadow Hunter
2 Hex
1 Healing Wave
1 Big Bad Voodoo
» actions
| Assign group hotkey | 16 | |
| Basic commands | 464 | |
| Build / train | 65 | |
| ESC pressed | 3 | |
| Enter build submenu | 22 | |
| Enter hero's abilities submenu | 15 | |
| Give item / drop item | 2 | |
| Right click | 1955 | |
| Select / deselect | 585 | |
| Select group hotkey | 151 | |
| Use ability | 80 | |
3358 total
» units
| Wisp | 19 | |
| Archer | 6 | |
| Faerie Dragon | 2 | |
| Chimaera | 4 | |
| Hippogryph | 7 | |
38 total
» upgrades
| Strength of the Wild | 3 | |
| Reinforced Hides | 3 | |
| Corrosive Breath | 1 | |
| Well Spring | 1 | |
8 total
» buildings
| Altar of Elders | 1 | |
| Moon Well | 9 | |
| Ancient of War | 1 | |
| Hunter's Hall | 1 | |
| Ancient Protector | 2 | |
| Tree of Ages | 1 | |
| Ancient of Wonders | 1 | |
| Ancient of Wind | 2 | |
| Tree of Eternity | 1 | |
| Chimaera Roost | 2 | |
21 total
» build order
00:11 Altar of Elders
00:14 Moon Well
00:19 Ancient of War
01:52 Moon Well
02:34 Moon Well
03:01 Hunter's Hall
03:40 Moon Well
04:09 Ancient Protector
04:20 Ancient Protector
05:13 Tree of Ages
06:23 Moon Well
06:35 Ancient of Wonders
07:50 Ancient of Wind
07:51 Ancient of Wind
07:55 Moon Well
09:12 Tree of Eternity
10:00 Moon Well
11:43 Chimaera Roost
11:49 Chimaera Roost
12:00 Moon Well
18:24 Moon Well
» items
| Potion of Mana | 1 | |
| Orb of Lightning | 1 | |
2 total
LEMONPARTY-D (
purple | 44 APM | 3950 actions | 90:38)
10 Mountain King
3 Storm Bolt
3 Bash
1 Avatar
3 Thunder Clap
» actions
| Assign group hotkey | 63 | |
| Basic commands | 234 | |
| Build / train | 128 | |
| Enter build submenu | 27 | |
| Enter hero's abilities submenu | 10 | |
| Give item / drop item | 3 | |
| Right click | 1631 | |
| Select / deselect | 589 | |
| Select group hotkey | 1061 | |
| Use ability | 203 | |
3950 total
» units
| Peasant | 16 | |
| Goblin Shredder | 2 | |
| Goblin Zeppelin | 2 | |
| Gryphon Rider | 13 | |
| Flying Machine | 9 | |
| Mortar Team | 4 | |
| Dragonhawk Rider | 6 | |
| Sorceress | 3 | |
| Goblin Sapper | 3 | |
| Rifleman | 4 | |
| Priest | 2 | |
64 total
» upgrades
| Masonry | 3 | |
| Animal War Training | 1 | |
| Storm Hammers | 1 | |
| Swords | 2 | |
| Armor | 2 | |
| Gunpowder | 2 | |
| Flying Machine Bombs | 1 | |
| Flak Cannons | 1 | |
| Barrage | 1 | |
| Plating | 2 | |
| Flare | 1 | |
| Fragmentation Shards | 1 | |
| Magic Sentry | 1 | |
| Priest Training | 2 | |
| Sorceress Training | 1 | |
| Cloud | 1 | |
23 total
» buildings
| Altar of Kings | 2 | |
| Farm | 13 | |
| Scout Tower | 16 | |
| Lumber Mill | 2 | |
| Arcane Tower | 2 | |
| Arcane Vault | 1 | |
| Guard Tower | 8 | |
| Keep | 3 | |
| Castle | 2 | |
| Gryphon Aviary | 3 | |
| Blacksmith | 1 | |
| Barracks | 1 | |
| Town Hall | 3 | |
| Workshop | 3 | |
| Arcane Sanctum | 1 | |
61 total
» build order
00:10 Altar of Kings
00:22 Farm
00:50 Scout Tower
01:08 Lumber Mill
01:23 Arcane Tower
01:23 Arcane Tower
01:30 Arcane Vault
02:10 Farm
02:15 Scout Tower
02:16 Scout Tower
02:17 Scout Tower
02:26 Scout Tower
02:27 Scout Tower
03:11 Guard Tower
03:14 Guard Tower
04:00 Guard Tower
04:11 Keep
04:19 Farm
04:20 Farm
04:22 Farm
04:29 Farm
04:31 Farm
04:32 Farm
05:30 Scout Tower
05:34 Scout Tower
05:34 Scout Tower
05:36 Scout Tower
06:29 Guard Tower
06:42 Castle
06:45 Guard Tower
07:03 Farm
07:30 Guard Tower
07:59 Gryphon Aviary
08:04 Gryphon Aviary
08:24 Blacksmith
08:34 Barracks
11:16 Town Hall
11:18 Scout Tower
11:19 Scout Tower
11:19 Scout Tower
11:19 Scout Tower
11:21 Scout Tower
11:21 Scout Tower
12:33 Guard Tower
13:51 Guard Tower
14:03 Workshop
14:03 Workshop
14:15 Gryphon Aviary
15:55 Farm
15:55 Farm
15:55 Farm
15:56 Farm
16:47 Workshop
17:27 Town Hall
29:20 Keep
34:42 Arcane Sanctum
54:58 Town Hall
58:38 Keep
61:05 Altar of Kings
66:48 Castle
66:57 Lumber Mill
» items
| Ivory Tower | 3 | |
| Scroll of Town Portal | 3 | |
| Potion of Healing | 4 | |
| Scroll of Regeneration | 1 | |
| Lesser Clarity Potion | 1 | |
| Orb of Fire | 1 | |
13 total
jonathan.ka (
teal | 24 APM | 1212 actions | 50:31)
9 Mountain King
3 Storm Bolt
3 Bash
1 Avatar
2 Thunder Clap
3 Shadow Hunter
2 Healing Wave
1 Hex
» actions
| Basic commands | 25 | |
| Build / train | 79 | |
| Enter build submenu | 37 | |
| Enter hero's abilities submenu | 13 | |
| Give item / drop item | 3 | |
| Remove unit from queue | 7 | |
| Right click | 565 | |
| Select / deselect | 368 | |
| Use ability | 115 | |
1212 total
» units
| Peasant | 12 | |
| Footman | 3 | |
| Peon | 4 | |
| Gryphon Rider | 14 | |
| Priest | 4 | |
37 total
» upgrades
| Lumber Harvesting | 2 | |
| Priest Training | 1 | |
| Storm Hammers | 1 | |
| Animal War Training | 1 | |
| Swords | 3 | |
| Armor | 3 | |
| Shaman Training | 2 | |
| Spiked Barricades | 1 | |
| Reinforced Defenses | 1 | |
15 total
» buildings
| Barracks | 2 | |
| Altar of Kings | 1 | |
| Farm | 9 | |
| Orc Burrow | 5 | |
| Altar of Storms | 3 | |
| War Mill | 3 | |
| Arcane Vault | 1 | |
| Keep | 1 | |
| Lumber Mill | 1 | |
| Blacksmith | 1 | |
| Stronghold | 1 | |
| Voodoo Lounge | 1 | |
| Watch Tower | 3 | |
| Scout Tower | 3 | |
| Guard Tower | 1 | |
| Castle | 1 | |
| Workshop | 3 | |
| Gryphon Aviary | 2 | |
| Arcane Sanctum | 1 | |
| Fortress | 1 | |
| Spirit Lodge | 1 | |
| Tauren Totem | 1 | |
46 total
» build order
00:13 Barracks
00:18 Altar of Kings
00:21 Farm
01:12 Farm
01:43 Farm
03:28 Farm
04:30 Orc Burrow
04:34 Altar of Storms
04:45 Orc Burrow
04:49 War Mill
05:25 Barracks
05:31 Arcane Vault
05:32 Keep
05:36 Lumber Mill
05:39 Blacksmith
06:27 Stronghold
06:31 Voodoo Lounge
06:43 Watch Tower
06:48 Scout Tower
06:49 Scout Tower
06:50 Scout Tower
08:46 Guard Tower
08:48 Castle
08:55 Workshop
09:16 Workshop
09:21 Workshop
09:46 Gryphon Aviary
09:49 Arcane Sanctum
10:08 Gryphon Aviary
10:22 Fortress
10:28 Spirit Lodge
10:39 Farm
10:40 Farm
12:08 Orc Burrow
14:32 Farm
14:33 Farm
14:59 Tauren Totem
16:05 Farm
27:39 Altar of Storms
27:42 Orc Burrow
31:42 Altar of Storms
31:50 Orc Burrow
35:22 War Mill
35:34 War Mill
38:29 Watch Tower
38:32 Watch Tower
» items
imasswarmills (
blue | 29 APM | 104 actions | 03:37)
» actions
| Build / train | 8 | |
| Enter build submenu | 9 | |
| Right click | 30 | |
| Select / deselect | 44 | |
| Use ability | 13 | |
104 total
» units
» buildings
» build order
01:16 War Mill
01:20 War Mill
01:25 War Mill
02:31 Watch Tower
02:34 Watch Tower
02:41 Watch Tower
02:51 Watch Tower
03:00 War Mill
03:10 War Mill
team 2 (winner)

»
1killedsuperman (
orange | 24 APM | 388 actions | 16:09)
2 Keeper of the Grove
1 Entangling Roots
1 Force of Nature
1 Priestess of the Moon
1 Trueshot Aura
» actions
| Build / train | 50 | |
| Enter build submenu | 22 | |
| Enter hero's abilities submenu | 3 | |
| Right click | 109 | |
| Select / deselect | 180 | |
| Use ability | 24 | |
388 total
» units
| Wisp | 20 | |
| Archer | 1 | |
| Huntress | 5 | |
| Faerie Dragon | 1 | |
| Druid of the Talon | 5 | |
| Chimaera | 3 | |
35 total
» upgrades
| Strength of the Wild | 2 | |
| Reinforced Hides | 2 | |
| Druid of the Talon Training | 2 | |
| Mark of the Talon | 1 | |
| Corrosive Breath | 1 | |
8 total
» buildings
| Altar of Elders | 1 | |
| Moon Well | 7 | |
| Ancient of War | 1 | |
| Hunter's Hall | 1 | |
| Ancient Protector | 2 | |
| Tree of Ages | 1 | |
| Ancient of Wonders | 1 | |
| Ancient of Wind | 1 | |
| Tree of Eternity | 1 | |
| Chimaera Roost | 2 | |
18 total
» build order
00:10 Altar of Elders
00:16 Moon Well
01:14 Ancient of War
01:50 Moon Well
02:22 Hunter's Hall
03:00 Moon Well
03:31 Ancient Protector
04:20 Ancient Protector
04:29 Tree of Ages
06:54 Ancient of Wonders
07:13 Ancient of Wind
07:17 Tree of Eternity
10:00 Chimaera Roost
10:10 Chimaera Roost
10:55 Moon Well
11:34 Moon Well
12:38 Moon Well
13:37 Moon Well
FreeBrstExam (
yellow | 15 APM | 1325 actions | 90:38)
3 Blood Mage
2 Flame Strike
1 Siphon Mana
» actions
| Basic commands | 44 | |
| Build / train | 106 | |
| ESC pressed | 6 | |
| Enter build submenu | 85 | |
| Enter hero's abilities submenu | 3 | |
| Right click | 352 | |
| Select / deselect | 619 | |
| Use ability | 110 | |
1325 total
» units
| Peasant | 26 | |
| Footman | 45 | |
| Goblin Shredder | 1 | |
| Rifleman | 5 | |
| Chimaera | 1 | |
| Hippogryph | 5 | |
| Archer | 1 | |
84 total
» upgrades
| Masonry | 1 | |
| Gunpowder | 1 | |
| Plating | 3 | |
| Swords | 2 | |
| Animal War Training | 1 | |
| Defend | 1 | |
| Armor | 1 | |
10 total
» buildings
| Farm | 13 | |
| Altar of Kings | 1 | |
| Lumber Mill | 1 | |
| Scout Tower | 4 | |
| Guard Tower | 4 | |
| Keep | 1 | |
| Blacksmith | 56 | |
| Town Hall | 3 | |
| Barracks | 5 | |
| Castle | 1 | |
89 total
» build order
00:09 Farm
00:17 Altar of Kings
00:53 Farm
01:21 Lumber Mill
01:29 Farm
01:46 Scout Tower
02:06 Farm
02:10 Scout Tower
02:15 Scout Tower
02:22 Guard Tower
02:37 Guard Tower
02:43 Farm
02:45 Guard Tower
04:31 Keep
04:35 Blacksmith
04:49 Town Hall
05:06 Farm
05:27 Barracks
06:17 Scout Tower
06:44 Guard Tower
07:25 Castle
07:35 Farm
07:36 Farm
07:40 Farm
07:44 Farm
08:16 Barracks
08:38 Barracks
09:35 Farm
09:48 Farm
09:52 Barracks
10:23 Farm
12:09 Town Hall
12:20 Barracks
32:43 Blacksmith
34:12 Town Hall
38:17 Blacksmith
39:31 Blacksmith
39:43 Blacksmith
39:49 Blacksmith
39:59 Blacksmith
40:13 Blacksmith
40:48 Blacksmith
40:59 Blacksmith
41:12 Blacksmith
41:46 Blacksmith
41:50 Blacksmith
42:07 Blacksmith
42:29 Blacksmith
42:33 Blacksmith
43:40 Blacksmith
43:47 Blacksmith
44:05 Blacksmith
44:13 Blacksmith
44:16 Blacksmith
45:53 Blacksmith
45:55 Blacksmith
45:57 Blacksmith
45:59 Blacksmith
47:41 Blacksmith
47:42 Blacksmith
49:13 Blacksmith
51:18 Blacksmith
51:25 Blacksmith
53:12 Blacksmith
53:19 Blacksmith
53:53 Blacksmith
53:58 Blacksmith
53:59 Blacksmith
54:03 Blacksmith
54:29 Blacksmith
54:38 Blacksmith
55:07 Blacksmith
55:28 Blacksmith
55:31 Blacksmith
55:33 Blacksmith
55:43 Blacksmith
56:28 Blacksmith
56:38 Blacksmith
60:27 Blacksmith
60:30 Blacksmith
60:33 Blacksmith
60:42 Blacksmith
60:46 Blacksmith
63:27 Blacksmith
63:29 Blacksmith
63:40 Blacksmith
63:45 Blacksmith
65:01 Blacksmith
65:05 Blacksmith
» items
Iemonparty- (
pink | 37 APM | 3336 actions | 90:38)
5 Death Knight
2 Death Coil
3 Unholy Aura
6 Dreadlord
3 Vampiric Aura
2 Sleep
1 Inferno
5 Crypt Lord
3 Spiked Carapace
2 Carrion Beetles
» actions
| Assign group hotkey | 135 | |
| Basic commands | 69 | |
| Build / train | 181 | |
| ESC pressed | 2 | |
| Enter build submenu | 92 | |
| Enter hero's abilities submenu | 16 | |
| Give item / drop item | 3 | |
| Remove unit from queue | 9 | |
| Right click | 1052 | |
| Select / deselect | 976 | |
| Select group hotkey | 617 | |
| Use ability | 180 | |
3336 total
» units
| Acolyte | 28 | |
| Ghoul | 8 | |
| Gargoyle | 28 | |
| Archer | 2 | |
| Hippogryph | -1 | |
| Chimaera | 4 | |
| Crypt Fiend | 1 | |
| Goblin Zeppelin | 2 | |
| Goblin Shredder | 1 | |
| Obsidian Statue | 2 | |
| Banshee | 4 | |
79 total
» upgrades
| Creature Attack | 3 | |
| Creature Carapace | 3 | |
| Stone Form | 1 | |
| Web | 1 | |
| Burrow | 1 | |
| Ultravision | 1 | |
| Destroyer Form | 1 | |
| Nature's Blessing | 1 | |
| Unholy Strength | 3 | |
| Unholy Armor | 3 | |
| Backpack | 2 | |
| Banshee Training | 2 | |
22 total
» buildings
| Altar of Darkness | 5 | |
| Ziggurat | 31 | |
| Crypt | 2 | |
| Necropolis | 3 | |
| Halls of the Dead | 7 | |
| Tomb of Relics | 3 | |
| Graveyard | 2 | |
| Spirit Tower | 23 | |
| Black Citadel | 2 | |
| Ancient Protector | 5 | |
| Tree of Life | 1 | |
| Slaughterhouse | 2 | |
| Tree of Ages | 1 | |
| Tree of Eternity | 1 | |
| Ancient of Wonders | 1 | |
| Temple of the Damned | 2 | |
| Arcane Vault | 8 | |
| Town Hall | 1 | |
| Blacksmith | 7 | |
107 total
» build order
00:09 Altar of Darkness
00:11 Altar of Darkness
00:38 Ziggurat
01:01 Altar of Darkness
02:11 Crypt
03:12 Necropolis
03:39 Ziggurat
05:12 Halls of the Dead
05:12 Halls of the Dead
05:13 Halls of the Dead
05:13 Halls of the Dead
05:25 Necropolis
06:00 Altar of Darkness
06:02 Tomb of Relics
06:04 Altar of Darkness
06:24 Halls of the Dead
06:30 Ziggurat
06:36 Ziggurat
07:05 Ziggurat
07:07 Ziggurat
07:09 Ziggurat
07:10 Ziggurat
07:17 Ziggurat
07:34 Graveyard
08:59 Spirit Tower
08:59 Spirit Tower
09:15 Spirit Tower
09:32 Spirit Tower
09:45 Spirit Tower
11:36 Spirit Tower
11:42 Spirit Tower
12:33 Black Citadel
18:33 Ancient Protector
18:35 Ancient Protector
18:37 Ancient Protector
18:39 Ancient Protector
18:46 Ancient Protector
26:14 Crypt
34:16 Ziggurat
35:46 Spirit Tower
43:35 Ziggurat
43:36 Ziggurat
43:37 Ziggurat
43:38 Ziggurat
43:44 Ziggurat
43:49 Ziggurat
43:51 Ziggurat
43:53 Ziggurat
43:54 Ziggurat
44:44 Spirit Tower
44:44 Spirit Tower
44:48 Spirit Tower
44:51 Spirit Tower
44:53 Spirit Tower
46:09 Ziggurat
46:24 Tomb of Relics
47:25 Spirit Tower
48:21 Ziggurat
48:22 Ziggurat
48:23 Ziggurat
48:25 Ziggurat
48:29 Tomb of Relics
49:44 Spirit Tower
50:38 Ziggurat
53:07 Spirit Tower
57:35 Ziggurat
57:37 Ziggurat
57:38 Ziggurat
57:41 Ziggurat
61:35 Tree of Life
63:48 Slaughterhouse
63:51 Slaughterhouse
63:52 Spirit Tower
63:52 Spirit Tower
64:31 Tree of Ages
67:13 Tree of Eternity
68:03 Ancient of Wonders
71:17 Black Citadel
71:46 Necropolis
71:56 Ziggurat
71:59 Ziggurat
72:52 Spirit Tower
72:53 Spirit Tower
75:44 Graveyard
79:18 Temple of the Damned
79:19 Temple of the Damned
84:23 Arcane Vault
84:26 Arcane Vault
84:49 Town Hall
85:50 Arcane Vault
87:19 Arcane Vault
87:20 Arcane Vault
88:18 Arcane Vault
88:36 Arcane Vault
88:38 Arcane Vault
89:01 Blacksmith
89:23 Blacksmith
89:29 Blacksmith
89:33 Blacksmith
90:10 Halls of the Dead
90:18 Blacksmith
90:33 Blacksmith
90:36 Blacksmith
» items
| Orb of Corruption | 7 | |
| Orb of Venom | 4 | |
| Mechanical Critter | 7 | |
18 total

»
Easy31 (
green | 11 APM | 988 actions | 89:05)
4 Crypt Lord
1 Spiked Carapace
2 Carrion Beetles
1 Impale
1 Keeper of the Grove
1 Thorns Aura
» actions
| Basic commands | 214 | |
| Build / train | 118 | |
| Enter build submenu | 42 | |
| Enter hero's abilities submenu | 5 | |
| Remove unit from queue | 3 | |
| Right click | 36 | |
| Select / deselect | 424 | |
| Use ability | 146 | |
988 total
» units
| Acolyte | 10 | |
| Ghoul | 6 | |
| Crypt Fiend | 21 | |
| Obsidian Statue | 7 | |
| Goblin Zeppelin | 2 | |
| Goblin Shredder | 1 | |
| Necromancer | 6 | |
| Abomination | 7 | |
| Banshee | 2 | |
| Frost Wyrm | 4 | |
| Chimaera | 1 | |
67 total
» upgrades
| Creature Attack | 3 | |
| Creature Carapace | 3 | |
| Web | 1 | |
| Skeletal Longevity | 1 | |
| Necromancer Training | 2 | |
| Unholy Armor | 3 | |
| Unholy Strength | 3 | |
| Skeletal Mastery | 1 | |
| Disease Cloud | 1 | |
| Banshee Training | 1 | |
| Freezing Breath | 1 | |
20 total
» buildings
| Ziggurat | 20 | |
| Altar of Darkness | 1 | |
| Crypt | 1 | |
| Tomb of Relics | 1 | |
| Graveyard | 2 | |
| Halls of the Dead | 1 | |
| Nerubian Tower | 6 | |
| Spirit Tower | 10 | |
| Slaughterhouse | 1 | |
| Sacrificial Pit | 1 | |
| Temple of the Damned | 1 | |
| Black Citadel | 1 | |
| Boneyard | 4 | |
50 total
» build order
00:47 Ziggurat
00:53 Altar of Darkness
00:59 Crypt
02:23 Ziggurat
02:28 Ziggurat
02:54 Tomb of Relics
03:07 Graveyard
04:26 Halls of the Dead
04:53 Ziggurat
05:00 Ziggurat
05:03 Ziggurat
05:31 Nerubian Tower
05:33 Spirit Tower
06:17 Spirit Tower
06:52 Slaughterhouse
07:04 Sacrificial Pit
07:29 Temple of the Damned
15:37 Black Citadel
15:58 Ziggurat
16:03 Ziggurat
16:07 Ziggurat
23:52 Graveyard
25:01 Nerubian Tower
25:02 Spirit Tower
25:04 Spirit Tower
29:08 Boneyard
29:14 Boneyard
39:56 Boneyard
40:01 Boneyard
40:57 Ziggurat
41:01 Ziggurat
41:04 Ziggurat
41:07 Ziggurat
41:49 Spirit Tower
41:53 Spirit Tower
41:57 Nerubian Tower
42:02 Spirit Tower
42:21 Ziggurat
42:51 Ziggurat
43:06 Ziggurat
43:23 Nerubian Tower
43:51 Spirit Tower
44:00 Ziggurat
44:17 Nerubian Tower
61:51 Ziggurat
62:04 Ziggurat
62:52 Ziggurat
63:48 Spirit Tower
63:55 Nerubian Tower
64:51 Spirit Tower
» items
| Potion of Healing | 2 | |
| Scroll of Town Portal | 2 | |
4 total
Chat log
(00:17 / All) imasswarmills: WTF
(00:22 / Allies) jonathan.ka: ?
(00:24 / All) imasswarmills: LEMON PARTY FAGGOTS
(00:30 / Allies) jonathan.ka: tower?
(00:32 / All) Iemonparty-: sup
(00:42 / All) LEMONPARTY-D: blue shut up nigga, its me from fullscale assault game, i helped you tower choke poitns
(00:53 / All) Iemonparty-: he is a professional wc3 4v4 rt player
(00:55 / All) imasswarmills: WTF U TALKIN NIGGA
(00:57 / All) Iemonparty-: trust his word
(01:01 / All) imasswarmills: I DONT PLAY THAT SHIT
(01:12 / All) FreeBrstExam: did you say master or master bator
(01:21 / All) Iemonparty-: masterbaiter
(01:35 / All) FreeBrstExam: sweet.. professional masterbator
(01:43 / All) Iemonparty-: yes, it is lucrative job
(01:52 / All) FreeBrstExam: its a lubricative job
(03:00 / All) LEMONPARTY-D: OH YES SMART BLUE TOWER NEXT TO MY FRIEND DUMBASS
(03:16 / All) FreeBrstExam: operation warmill in full effect
(03:28 / All) imasswarmills: FUCK
(03:30 / All) Iemonparty-: pro necropolis
(03:32 / All) imasswarmills: WARMILL RUSHES NEVER WORK
(03:42 / All) FreeBrstExam: your not building em right
(03:46 / Allies) jonathan.ka: noob
(04:02 / All) Iemonparty-: blue is a true 4v4 rt player
(04:40 / Allies) jonathan.ka: i hope they dont find out where blue is
(05:05 / Allies) LEMONPARTY-D: help me creep this shit nigga
(06:02 / All) jonathan.ka: wtf pink
(06:07 / All) Iemonparty-: huh
(06:08 / All) Iemonparty-: ?
(06:11 / All) jonathan.ka: lol
(07:08 / Allies) jonathan.ka: lmao
(07:14 / Allies) jonathan.ka: pink is a noob
(07:16 / Allies) jonathan.ka: lets rush him
(07:20 / Allies) LEMONPARTY-D: naw
(07:22 / Allies) LEMONPARTY-D: he is not a threat
(07:26 / Allies) LEMONPARTY-D: would be pointless
(08:40 / All) Iemonparty-: this strat is very strong on westfall
(08:49 / Allies) jonathan.ka: units?
(08:52 / Allies) LEMONPARTY-D: griffs
(08:54 / Allies) LEMONPARTY-D: copters
(08:59 / Allies) vjicken: stuff.
(09:00 / Allies) vjicken: rofl
(09:01 / Allies) jonathan.ka: i got tanks
(09:02 / Allies) vjicken: umm
(09:04 / Allies) jonathan.ka: and mortars
(09:06 / All) Iemonparty-: gold plz
(09:07 / Allies) vjicken: chimes/hipps
(09:09 / Allies) jonathan.ka: blue will get tauren and shaman
(09:21 / Allies) LEMONPARTY-D: naw i got aa
(09:28 / Allies) jonathan.ka: help control blue
(09:38 / Allies) jonathan.ka: ok i got priest and griff
(09:44 / Allies) jonathan.ka: no biggie
(09:49 / Allies) LEMONPARTY-D: i have griffs
(09:52 / Allies) jonathan.ka: ...
(09:55 / All) Iemonparty-: gold god damn
(10:04 / Allies) jonathan.ka: ill get a few gryph
(10:06 / Allies) vjicken: ill grab a few faeires in case of necs
(10:10 / Allies) vjicken: or any casters.
(10:11 / Allies) jonathan.ka: just mass that aa
(10:36 / All) Iemonparty-: golems is the worst map ever made
(11:05 / All) Iemonparty-: my build order is very good in tournaments, you should all copy it
(11:49 / Allies) jonathan.ka: wood please
(13:02 / All) Iemonparty-: lmfao so bad
(13:09 / All) Iemonparty-: blue needs a bo and skill likke me
(13:22 / All) Iemonparty-: how mad u are bro?
(13:50 / Allies) jonathan.ka: gj
(14:41 / Allies) jonathan.ka: seems to easy
(14:57 / Allies) jonathan.ka: yyup get ready
(15:03 / Allies) jonathan.ka: ..
(15:07 / Allies) LEMONPARTY-D: hit bottom right
(15:56 / All) Iemonparty-: raped
(18:11 / Allies) LEMONPARTY-D: gold teal?
(19:18 / Allies) jonathan.ka: wood ?
(20:03 / All) jonathan.ka: gg
(20:07 / All) Iemonparty-: out
(20:09 / All) Iemonparty-: you lost faggots
(20:10 / All) Iemonparty-: so bad
(20:14 / All) Iemonparty-: my strat OWNS yours
(20:17 / All) Iemonparty-: fucking bad build orders NOOBS
(20:33 / All) FreeBrstExam: if you would have gone all foot like i said we own
(20:43 / All) Iemonparty-: I AM UD YOU SHITEATING MONKEY
(20:43 / All) FreeBrstExam: foot owns air
(20:50 / Allies) jonathan.ka: purp wtf
(20:51 / All) Iemonparty-: UD ONLY HAS KNGIHTS STFU
(20:53 / Allies) jonathan.ka: tp
(20:57 / Allies) jonathan.ka: purp is bs
(21:05 / Allies) jonathan.ka: chill out
(21:08 / All) FreeBrstExam: you newb.. you can get wizards and morph em
(21:08 / All) Iemonparty-: OUT YOU LOST MOTHERFUCKERS
(21:19 / All) Iemonparty-: E MOTHERFUCKING Z SON
(21:21 / All) Iemonparty-: GET RAPED
(21:26 / Allies) jonathan.ka: fuck u purp
(21:43 / All) FreeBrstExam: blues my footie bitch
(21:46 / All) Iemonparty-: OUT
(22:03 / All) LEMONPARTY-D: GO
(22:15 / All) FreeBrstExam: fuckin get melee
(22:45 / All) Iemonparty-: NOOBS RAPED
(22:58 / All) Iemonparty-: COPY MY BO NEXT TIME FAGGOTSUCKERS
(23:06 / All) Iemonparty-: AND YOU GET 99% WL RATE
(23:21 / All) FreeBrstExam: get the peon upgrade
(25:52 / All) FreeBrstExam: what should i do with all these tanks
(25:57 / All) LEMONPARTY-D: RED and teal are out of gold
(26:00 / All) Iemonparty-: idk
(26:03 / All) Iemonparty-: you have none
(26:14 / All) FreeBrstExam: can you run over units with em
(26:17 / All) Iemonparty-: my team has gold but no units
(26:33 / All) Iemonparty-: nvm, green has 6 fiends and 3 aboms
(26:34 / All) Iemonparty-: ruh-roh!
(26:38 / All) Iemonparty-: force to be reckoned with
(27:46 / All) LEMONPARTY-D: i wont kill ur footies nigga
(27:53 / All) FreeBrstExam: footies rule
(28:35 / All) FreeBrstExam: our best player is orange and he isnt here
(28:43 / All) Iemonparty-: stfu I am the proest
(29:04 / All) FreeBrstExam: you only have 3 alters newb
(29:08 / All) FreeBrstExam: get a fourth
(29:13 / All) Iemonparty-: I know it's suboptimal
(29:20 / All) Iemonparty-: I had 5 but needed to unsummon for gold
(29:31 / All) jonathan.ka: fuck u purp
(29:36 / All) FreeBrstExam: never sacrifice an altar
(29:38 / All) Iemonparty-: are you mad son?
(29:39 / All) FreeBrstExam: uh oh
(29:39 / All) Iemonparty-: teal sucks
(29:42 / All) LEMONPARTY-D: teal is pissed at me lawl
(29:43 / All) jonathan.ka: we had this u tool
(29:48 / All) Iemonparty-: teal is shittiest player I have ever seen
(29:54 / All) jonathan.ka: ha
(30:08 / All) FreeBrstExam: no way.. teal rules
(30:25 / All) jonathan.ka: leave then yellow?
(30:28 / All) Iemonparty-: teal eats shit and dies, then rages and leaves after losing 1v4
(30:36 / All) Iemonparty-: teal, get the fuck out. you lost, get over it
(30:37 / All) jonathan.ka: lol
(30:57 / All) FreeBrstExam: leave em alone.. he just got this shit for christmas from goodwill
(31:18 / All) jonathan.ka: damn did u google that joke?
(31:21 / All) jonathan.ka: or r u the joke?
(31:32 / All) FreeBrstExam: lol.. no but i think you might of that one
(31:48 / All) FreeBrstExam: level 3.. im pretty sure its not going down
(32:03 / All) jonathan.ka: leave fuck purp
(32:20 / All) FreeBrstExam: damn.. dont make me get units
(32:27 / All) jonathan.ka: to late
(33:22 / All) FreeBrstExam: go away red before i peon rush your ass
(33:49 / All) FreeBrstExam: taking my 2 rifles to own your main
(34:33 / All) FreeBrstExam: put your wells on auto so i can heal
(35:05 / All) FreeBrstExam: hell yeah.. 2 rifle ownage
(35:29 / All) FreeBrstExam: go away blue you newb
(36:34 / All) FreeBrstExam: pink.. quit getting level 1 heroes and buy a level 10 one
(36:45 / All) Iemonparty-: too expensive to buy
(36:57 / All) FreeBrstExam: i always buy a level 5 one first
(37:06 / All) FreeBrstExam: then tech it on creeps to 6
(37:06 / All) Iemonparty-: raped
(37:26 / All) FreeBrstExam: lol
(38:21 / All) jonathan.ka: damn u purple
(38:37 / All) Iemonparty-: tri altar is pro for resurrection late game
(38:45 / All) FreeBrstExam: looked like he was trying to get pink but you got in the way teal
(39:24 / All) Iemonparty-: teal you are 167-178 w/l, how does this make you feel?
(39:43 / All) jonathan.ka: to many dickheads like purple
(39:49 / All) Iemonparty-: LOL right
(39:51 / All) LEMONPARTY-D: teal i raped u lawl
(39:52 / All) FreeBrstExam: man.. that hurts
(39:57 / All) Iemonparty-: you can take a stabber 3v1 EZ
(40:04 / All) Iemonparty-: you just suck cock
(40:13 / All) jonathan.ka: shut your fuck boy ass up
(40:21 / All) FreeBrstExam: was that english
(40:23 / All) Iemonparty-: how mad u are bro?
(40:30 / All) jonathan.ka: appears to be
(40:33 / All) Iemonparty-: it's chinese son
(40:41 / All) FreeBrstExam: shut your fuck ass boy up?
(40:53 / All) jonathan.ka: fuck boy
(40:55 / All) Iemonparty-: he is french-canadian, retards have trouble speaking
(40:59 / All) jonathan.ka: lol
(41:10 / All) Iemonparty-: and all french-canadians are retards
(41:20 / All) FreeBrstExam: ill have to agree with that
(41:25 / All) jonathan.ka: says the 1 with 20 acoyltes in 1 main
(41:29 / All) FreeBrstExam: they have the french surrender gene in em
(41:43 / All) Iemonparty-: you need 20 acolytes for optimal mining nigger
(41:55 / All) jonathan.ka: shut the fuck up
(41:56 / All) FreeBrstExam: im almost rebuilt
(42:00 / All) Iemonparty-: mad bro?
(42:00 / All) FreeBrstExam: we can run this shit now
(42:16 / All) Iemonparty-: nice job not killing any of my 20 acolytes
(42:20 / All) jonathan.ka: u tite
(42:24 / All) FreeBrstExam: just gotta upgrade my blacksmith
(42:51 / All) jonathan.ka: go have a gay sexual intercourse with pink and yellow
(42:58 / All) LEMONPARTY-D: teal u are embgarassed i owned u
(42:59 / All) LEMONPARTY-D: right
(43:02 / All) Iemonparty-: sounds sexy teal
(43:03 / All) FreeBrstExam: see.. those are english words
(43:07 / All) Iemonparty-: you want to join son?
(43:09 / All) FreeBrstExam: but they really dont make sense
(43:22 / All) FreeBrstExam: go have a sexual intercourse?
(43:29 / All) jonathan.ka: lol
(43:43 / All) jonathan.ka: i cant think with all this gay bullshit going on
(43:54 / All) FreeBrstExam: quit thinking gay thoughts then
(44:03 / All) Iemonparty-: teal you said "fuckboy"
(44:05 / All) jonathan.ka: its your faggetry
(44:07 / All) Iemonparty-: come out of the closet
(44:10 / All) Iemonparty-: *faggotry
(44:15 / All) jonathan.ka: my dick
(44:28 / All) Iemonparty-: proof that you're gay, you are obsessed with dicks
(44:33 / All) FreeBrstExam: thats english/french slang for i cant speak english
(44:36 / All) jonathan.ka: i said dick once
(44:41 / All) Iemonparty-: yellow is right
(44:55 / All) FreeBrstExam: shit he found my main
(45:04 / All) LEMONPARTY-D: let me kill green then ill assist u yelow
(45:21 / All) FreeBrstExam: im ok.. gonna attack with my blacksmiths in a min
(45:38 / All) Iemonparty-: nice wasted lvl 6 ability
(45:40 / All) Iemonparty-: 0 kills lol
(45:43 / All) Iemonparty-: baited EZ
(46:23 / All) LEMONPARTY-D: finish my base nigga pink
(46:29 / All) Iemonparty-: k omw
(46:33 / All) LEMONPARTY-D: ill proect ur expos
(46:38 / All) Iemonparty-: kill your army in case you d/c I say
(46:40 / All) Iemonparty-: or at least half of it
(47:39 / All) LEMONPARTY-D: not the sapper moron
(48:25 / All) LEMONPARTY-D: ur fucking team needs the win
(48:32 / All) LEMONPARTY-D: teal and red are niggas
(48:32 / All) Iemonparty-: yes it does
(48:36 / All) Iemonparty-: teal is stupid as hell
(48:48 / All) FreeBrstExam: teal isnt stupid.. hes canadian
(48:58 / All) Iemonparty-: true, it's a particular kind of "special"
(49:01 / All) FreeBrstExam: much worse than stupid
(49:13 / All) Iemonparty-: nice pathing red
(49:16 / All) Iemonparty-: run around like a retard
(49:19 / All) jonathan.ka: your stupidity amazes me
(49:31 / All) LEMONPARTY-D: good green prooved his worth
(49:34 / All) FreeBrstExam: good job.. you have the spell checker on now
(49:38 / All) Iemonparty-: teal, were you lobotomized as a child?
(49:40 / All) Iemonparty-: just curious
(49:49 / All) Iemonparty-: goodbye hero
(49:54 / All) jonathan.ka: dont even know what that means
(49:59 / All) LEMONPARTY-D: fycjubg greeb wiw'
(50:05 / All) LEMONPARTY-D: fucking green lawl
(50:08 / All) LEMONPARTY-D: useless til the end
(50:10 / All) LEMONPARTY-D: u should have seen that
(50:11 / All) Iemonparty-: a lobotomy is a medical proceudre to removal the frontal lobe of your brain, generally used on retards like you teal
(50:17 / All) Iemonparty-: it stops critical thinking
(50:20 / All) LEMONPARTY-D: he surrounded reds hero then tped and red escaped
(50:25 / All) Iemonparty-: done by psychiatrists in the 50s
(50:35 / All) Iemonparty-: I think they are mad
(50:36 / All) FreeBrstExam: sometimes used to 'fix' retardation or seizures..
(50:43 / All) Iemonparty-: true
(50:48 / All) LEMONPARTY-D: green is 27-56 lawl
(50:53 / All) FreeBrstExam: or they could just bleed u
(50:57 / All) Iemonparty-: very extreme though, should never be done
(51:09 / All) Iemonparty-: green's record doesn't surprise me, he is awful. never even talks
(51:10 / All) LEMONPARTY-D: move ur 2 heros
(51:13 / All) Iemonparty-: yellow is cool
(51:18 / All) LEMONPARTY-D: i want dred lord
(51:21 / All) LEMONPARTY-D: move dk and cl
(51:27 / All) Iemonparty-: why?
(51:34 / All) LEMONPARTY-D: LEAVE UR DL MORON
(51:38 / All) FreeBrstExam: lol.. it was pretty obvious we werent playing from the beginning
(51:44 / All) FreeBrstExam: so i only made footies
(51:54 / All) LEMONPARTY-D: move ur dk now idiot
(51:57 / All) FreeBrstExam: and blacksmiths of course
(52:10 / All) Iemonparty-: it isn't doing anything to your mk
(52:25 / All) LEMONPARTY-D: i wnat inferno moron
(52:29 / All) LEMONPARTY-D: quit acting like a retard
(52:42 / All) Iemonparty-: wtf you talking about, not your hero. you can't have an infernal
(53:10 / All) LEMONPARTY-D: u dont get full exp
(53:17 / All) Iemonparty-: my heroes are away moron
(53:36 / All) LEMONPARTY-D: ur dk leveled when i was feeding u griffs, don't question me
(53:39 / All) Iemonparty-: you need gold yellow?
(53:48 / All) Iemonparty-: 1k just for you
(53:49 / All) FreeBrstExam: no way.. im watching green rule
(54:01 / All) LEMONPARTY-D: u can leave my base alone now moron
(54:04 / All) Iemonparty-: there, inferno
(54:09 / All) FreeBrstExam: im chatting.. not sure what hes doing
(54:48 / All) FreeBrstExam: if anyone needs an upgrade i got a blacksmith
(54:53 / All) Iemonparty-: lmao
(55:34 / All) LEMONPARTY-D: fairly unique game
(55:37 / All) LEMONPARTY-D: this one was
(55:39 / All) Iemonparty-: yes
(55:42 / All) Iemonparty-: good chat log
(56:03 / All) LEMONPARTY-D: yellow didn't care for the win though, and greens an asian,
(56:05 / All) FreeBrstExam: hard to find someone as dumb as teal usually
(56:06 / All) LEMONPARTY-D: not sure about orange
(56:13 / All) LEMONPARTY-D: teal and red were whining entire game
(56:16 / All) LEMONPARTY-D: didn't see their chat
(56:17 / All) Iemonparty-: green is a fucking alien
(56:30 / All) LEMONPARTY-D: i had a hell of a time with their few units i fought by their moon wells and they kept rezzing that shadow hunter
(56:39 / All) Iemonparty-: maybe he's some little kid playing and doesn't use chat, no idea. I am genuinely confused by green
(56:54 / All) FreeBrstExam: maybe hes got one arm and he cant get to the keyboard
(57:02 / All) LEMONPARTY-D: lawl
(57:10 / All) Iemonparty-: one armed people can still type
(57:11 / All) FreeBrstExam: maybe he plays this shit with a paintbrush in his mouth and cant type
(57:21 / All) Iemonparty-: I'd expect a message like "k" or something occassionally from a one armed person
(57:23 / All) LEMONPARTY-D: did orange even talk
(57:33 / All) Iemonparty-: don't think so, maybe very little
(57:54 / All) Iemonparty-: I remade oj's heroes for you yellow
(58:13 / All) Iemonparty-: jesus oj has almost 15k wood because of noob elf
(58:25 / All) LEMONPARTY-D: yellow u play any rpg's or anything worth mentioning?
(58:36 / All) Iemonparty-: you can probably kill all of green with your heroes btw
(59:01 / All) Iemonparty-: I did almost no creeping and my heroes are 5/5/6
(59:03 / All) LEMONPARTY-D: i see that ghoul u sneaky sly dog
(60:19 / All) Iemonparty-: gave you more money and wood yellow
(60:21 / All) Iemonparty-: you here?
(60:32 / All) LEMONPARTY-D: save up that 60 dolla nigga, kingdoms of amalur reckoning will release 5 weeks exactly today
(60:34 / All) Iemonparty-: you also have oj's remaining shit, including heroes
(61:19 / All) LEMONPARTY-D: i didnt think teal and red would both leave
(61:24 / All) LEMONPARTY-D: shoudl have left their heros
(61:46 / All) Iemonparty-: I expected them to stay to the bitter end. most players like them do
(62:02 / All) LEMONPARTY-D: to be honestly i dont think u could have killed their heros if i killed al my shit
(62:10 / All) LEMONPARTY-D: i mean that in a
(62:12 / All) LEMONPARTY-D: imba way
(62:15 / All) Iemonparty-: zeppelins cost 0 food, couldn't you probably get enough to break the game in theory?
(62:25 / All) LEMONPARTY-D: what do you mean
(62:43 / All) Iemonparty-: zeppelins cost 0 food, only resources. so couldn't you get thousand after a very long time and crash the game?
(62:51 / All) LEMONPARTY-D: is green using his
(62:53 / All) Iemonparty-: *thousands
(62:54 / All) LEMONPARTY-D: oranges chims
(63:05 / All) Iemonparty-: No, I gave oj and built those just for fun
(63:19 / All) Iemonparty-: No idea wtf green is doing
(63:28 / All) Iemonparty-: he is making an expo top left
(63:33 / All) Iemonparty-: has 1 hero I think in zeppelin
(63:38 / All) Iemonparty-: 2 acolytes
(63:41 / All) Iemonparty-: he is very strange
(64:03 / All) FreeBrstExam: i almost have my town rebuilt and then i own
(64:22 / All) Iemonparty-: top right expo you mean? I made that for you with oj
(64:31 / All) LEMONPARTY-D: dont let him rebuild u nigger
(64:35 / All) LEMONPARTY-D: u have to stop letting that happen
(64:44 / All) Iemonparty-: I did that, it's just 1 tree and 6 wisps
(64:46 / All) Iemonparty-: *5
(64:46 / All) FreeBrstExam: no way.. 3 more smiths and im fully functional
(64:47 / All) Iemonparty-: no worries
(65:09 / All) Iemonparty-: the mine only has 660 gold anyway, all under control
(65:20 / All) LEMONPARTY-D: ur looking at wrong mine moron
(65:23 / All) LEMONPARTY-D: top left
(65:28 / All) Iemonparty-: I said top right
(65:45 / All) LEMONPARTY-D: look at top left jesus christ, u need to stop makign these mistakes
(65:55 / All) Iemonparty-: wtf you talking about
(65:59 / All) Iemonparty-: I said top right earlier
(66:02 / All) LEMONPARTY-D: look at me
(66:05 / All) Iemonparty-: RIGHT, not left
(66:11 / All) LEMONPARTY-D: i dont care about right idiot
(66:24 / All) Iemonparty-: you mean green rebuilding?
(66:26 / All) LEMONPARTY-D: he towered this base u CANNOT let him do that, u nee dto leave all his heros and kill all acos
(66:27 / All) LEMONPARTY-D: yes
(66:32 / All) Iemonparty-: he was harmless, he had no idea and wasn't doing anything
(66:41 / All) LEMONPARTY-D: i dont care u cant let him do that
(67:11 / All) Iemonparty-: he had no army, why the hell does it matter? I have 9k gold, could have just made meat wagons or something if it even mattered
(67:33 / All) LEMONPARTY-D: he gets one hero and no workers, those are them' rules
(67:46 / All) Iemonparty-: yellow is using oj's two heroes to kill green
(67:49 / All) Iemonparty-: he is on our side
(67:53 / All) LEMONPARTY-D: i know
(68:08 / All) FreeBrstExam: who doesnt love the perpetual game
(68:17 / All) LEMONPARTY-D: im just saying for future reference, it doesn't mattter what threat people are, u leave them with only one hero
(68:34 / All) LEMONPARTY-D: go to my base yellow ill feed u to starfall with griffs
(68:35 / All) Iemonparty-: why the hell is green even still in the game, he is some kind of strange foreign lifeform
(69:32 / All) LEMONPARTY-D: greens just playing dumb
(69:35 / All) LEMONPARTY-D: he knows what hes doign
(69:45 / All) Iemonparty-: he is really bad, he has no idea
(69:51 / All) Iemonparty-: he had like 5 fiends 30 minutes into the game
(70:26 / All) LEMONPARTY-D: what happened to yellows bloodmage
(70:33 / All) Iemonparty-: no idea
(71:14 / All) Iemonparty-: oj is killing my original t3 base built at a choke, no idea why
(71:52 / All) Iemonparty-: stole your expo nigger
(72:00 / All) LEMONPARTY-D: yes you did
(72:03 / All) LEMONPARTY-D: i feel like watching
(72:08 / All) LEMONPARTY-D: some cheap ass gay disney moveir ight now
(72:13 / All) LEMONPARTY-D: like "hook" with robin williams
(72:40 / All) Iemonparty-: I watched the green lantern movie since I heard it was awful
(72:42 / All) Iemonparty-: it was hilariously bad
(73:00 / All) LEMONPARTY-D: it sucks ye
(73:06 / All) LEMONPARTY-D: kick ass was pretty good
(73:25 / All) Iemonparty-: didn't hear of that one
(73:31 / All) LEMONPARTY-D: watch it its good
(73:47 / All) Iemonparty-: almost +30 damage on my dl with just noob elf and ud orbs
(74:04 / All) Iemonparty-: I made oj a tree and t3 just to get orbs
(74:09 / All) LEMONPARTY-D: i swear to god we stabbed teal before
(74:11 / All) Iemonparty-: I'm still low upkeep
(74:18 / All) Iemonparty-: he did sound familiar
(74:27 / All) LEMONPARTY-D: should CTR F jonathan on high perch
(74:51 / All) Iemonparty-: we forgot to tell them that's where the replay will be, damn
(75:20 / All) Iemonparty-: only 10k gold left on the map at the expo I took
(75:29 / All) Iemonparty-: green has one shredder top left
(76:02 / All) LEMONPARTY-D: remember, i know its not relevant here, but do not let players rebuild and rebuild, in competitive games, we'd screw ourselves
(76:22 / All) Iemonparty-: I always kill expos in competitive games unless I just don't notice them being rebuilt
(76:46 / All) LEMONPARTY-D: like green towered top middle with red and teals hero still alive, that cant happen
(77:05 / All) LEMONPARTY-D: i was unsure if u had any income
(77:11 / All) Iemonparty-: tons
(77:14 / All) Iemonparty-: I have 8k gold almost
(77:31 / All) LEMONPARTY-D: impressive blacksmiths yellow i commend
(77:36 / All) Iemonparty-: he is pro
(78:17 / All) LEMONPARTY-D: hmm
(78:19 / All) LEMONPARTY-D: can u
(78:20 / All) Iemonparty-: +30 damage on my dl
(78:26 / All) Iemonparty-: ?
(78:30 / All) LEMONPARTY-D: get banshee and possess my peasants to make a critter farm
(78:38 / All) LEMONPARTY-D: out of blacksmiths
(78:45 / All) LEMONPARTY-D: like that screenshot i have on my sig
(78:54 / All) Iemonparty-: I could, probably
(78:57 / All) Iemonparty-: would take a while
(78:58 / All) LEMONPARTY-D: i only got 3700
(79:06 / All) Iemonparty-: I have 7,800/7000
(79:22 / All) Iemonparty-: I should have enough
(79:26 / All) LEMONPARTY-D: bio;d frp,
(79:30 / All) Iemonparty-: making dual temples of the damned
(79:31 / All) LEMONPARTY-D: build form yellows smiths
(79:40 / All) Iemonparty-: no shared control
(79:50 / All) LEMONPARTY-D: ur peasants moron that ull charm
(80:03 / All) Iemonparty-: would look better away from his I think, but okay
(80:10 / All) LEMONPARTY-D: ok do that then
(80:11 / All) LEMONPARTY-D: name where
(80:20 / All) LEMONPARTY-D: oj hall?
(80:30 / All) Iemonparty-: middle top area
(80:32 / All) Iemonparty-: between expos
(80:33 / All) Iemonparty-: I say
(80:39 / All) Iemonparty-: no blight or anything, would look the best
(80:44 / All) LEMONPARTY-D: kill these hawks
(80:58 / All) Iemonparty-: the area between my island expo and your old expo is perfect
(81:02 / All) Iemonparty-: k omw
(81:12 / All) Iemonparty-: don't kill tree, I might want more ne t3 orbs
(81:31 / All) Iemonparty-: teching banshees now, upgrading
(81:48 / All) LEMONPARTY-D: brg a hero tell me where to build
(81:58 / All) Iemonparty-: thought I was making it
(82:03 / All) LEMONPARTY-D: i can help too moron
(82:10 / All) Iemonparty-: between our expos at top middle
(82:20 / All) LEMONPARTY-D: yes i know, s-h-o-w me
(82:29 / All) Iemonparty-: I have banshees and my heroes there
(83:10 / All) Iemonparty-: almost banshee upgrades
(83:15 / All) Iemonparty-: got 3 of them, 3 peasants
(83:37 / All) Iemonparty-: here
(83:48 / All) LEMONPARTY-D: move
(83:57 / All) Iemonparty-: peasants?
(83:59 / All) Iemonparty-: got the upgrade
(84:55 / All) Iemonparty-: need town hall for blacksmiths
(85:04 / All) LEMONPARTY-D: and make like 10 shops away from here too
(85:09 / All) LEMONPARTY-D: really?
(85:13 / All) Iemonparty-: yes
(85:18 / All) Iemonparty-: never knew that
(85:25 / All) LEMONPARTY-D: i didnt know that, u cant build anythign w/o a hall?
(85:30 / All) Iemonparty-: shops and hall are just beneath the camera area nearby
(85:42 / All) Iemonparty-: I can make halls, barracks, lumber mills, farms, altars, towers, and vaults
(85:47 / All) Iemonparty-: nothing else without a hall or tech
(86:09 / All) LEMONPARTY-D: possess more moron
(86:12 / All) Iemonparty-: mana
(86:20 / All) LEMONPARTY-D: statues
(86:28 / All) Iemonparty-: my 4th banshee only has 150 mana
(86:43 / All) Iemonparty-: destroyer steals mana moron, it doesn't give it away
(86:48 / All) Iemonparty-: I only have 1 anyway
(86:55 / All) LEMONPARTY-D: STATUES REPLENISH MANA moron
(87:00 / All) LEMONPARTY-D: christ ur slow
(87:09 / All) Iemonparty-: destroyer I thought, yes statues do
(87:11 / All) LEMONPARTY-D: even green knows that!
(87:27 / All) LEMONPARTY-D: green has more knowledge than u i think
(87:32 / All) Iemonparty-: I know they do, I just always use health and only before destroyers
(87:56 / All) LEMONPARTY-D: its amazing we're so successful in these stabs when u dont know this obvious stuff, i think its
(88:03 / All) LEMONPARTY-D: wow green
(88:06 / All) Iemonparty-: just never think of it
(88:13 / All) Iemonparty-: lmfao
(88:26 / All) LEMONPARTY-D: more peasants i told u hes not stupid
(88:33 / All) LEMONPARTY-D: go on move
(89:06 / All) Iemonparty-: k making the smiths now
(89:09 / All) Iemonparty-: finally
(89:10 / All) LEMONPARTY-D: lawl
(89:28 / All) LEMONPARTY-D: want to leave its gay w/o a player who cares
(89:31 / All) LEMONPARTY-D: my team gets loss right
(89:36 / All) Iemonparty-: k, yes
(89:42 / All) Iemonparty-: I do know this stuff, ud not main race anyway
(89:47 / All) LEMONPARTY-D: yellow u got msn or post on forums like gamefaqs
(89:54 / All) Iemonparty-: I think he is afk